 Dungeon Crawl Stone Soup version 0.31.0-32-g396128a36d (webtiles) character file.

Game seed: 2910574557942001619

8822 H0rd4k the Martial Artist (level 11, -9/66 HPs)
             Began as an Octopode Artificer on Apr 5, 2024.
             Was an Initiate of Gozag.
             Mangled by a white ugly thing (20 damage)
             ... on level 11 of the Dungeon.
             The game lasted 00:17:11 (10120 turns).

H0rd4k the Martial Artist (Octopode Artificer)     Turns: 10120, Time: 00:17:12

Health: -9/66      AC:  1    Str: 11    XL:     11   Next: 36%
Magic:  9/9        EV: 13    Int: 21    God:    Gozag
Gold:   1545       SH:  0    Dex: 12    Spells: 10/10 levels left

rFire   . . .        x - +11 Singing Sword {sonic wave}
rCold   . . .        (no shield)
rNeg    . . .        (helmet restricted)
rPois   .            a - amulet of regeneration
rElec   .            n - ring of willpower
rCorr   .            C - ring of flight
SInv    .            (no ring)
Will    +....        (no ring)
Stlth   +++          (no ring)
HPRegen 1.11/turn    (no ring)
MPRegen 0.11/turn    (no ring)
                     (no ring)

%: no passive effects
@: flying
A: almost no armour, amphibious, 8 rings, camouflage 1, gelatinous body 1,
(nimble swimmer 1), tentacles, clever 1, frail 1, low MP 1
a: Renounce Religion, Potion Petition, Call Merchant, Bribe Branch


You were on level 11 of the Dungeon.
You worshipped Gozag.
Gozag was most pleased with you.
You visited 2 branches of the dungeon, and saw 12 of its levels.
You also visited: Bailey.

You collected 1636 gold pieces.
You paid 91 gold pieces to Gozag.

Inventory:

Hand Weapons
 f - a +1 short sword of draining
 s - a +4 dagger
 x - the +11 Singing Sword (weapon) {sonic wave}
   (You found it on level 8 of the Dungeon)
 B - a +0 spear of flaming
Missiles
 k - a throwing net
 r - 20 poisoned darts
 E - 2 atropa-tipped darts
Jewellery
 a - an amulet of regeneration (around mantle)
 n - a ring of willpower (left tentacle)
 C - a ring of flight (right tentacle)
Talismans
 q - a flux talisman
Wands
 c - a wand of charming (1)
 d - a wand of iceblast (1)
 y - a wand of flame (12) (quivered)
Scrolls
 g - a scroll of poison
 h - 3 scrolls of amnesia
 l - a scroll of fear
 m - 2 scrolls of revelation
 o - 3 scrolls of teleportation
 p - 2 scrolls of noise
 w - a scroll of fog
 D - 3 scrolls of enchant armour
Potions
 b - a potion of invisibility
 e - a potion of haste
 i - 2 potions of attraction
 j - a potion of mutation
 t - 5 potions of enlightenment
 u - a potion of brilliance
 v - 2 potions of heal wounds
 z - a potion of curing
 F - a potion of magic


   Skills:
 + Level 6.9 Fighting
 * Level 8.7 Long Blades
 + Level 1.4 Polearms
 + Level 0.1 Throwing
 - Level 2.3 Dodging
 - Level 1.3 Stealth
 - Level 13.1 Unarmed Combat
 - Level 3.2 Evocations


You had 10 spell levels left.
You didn't know any spells.
Your spell library contained the following spells:

 Spells                   Type           Power      Damage    Failure   Level
 Ensorcelled Hibernation  Hex/Ice        0%         N/A       26%         2
 Fugue of the Fallen      Necr           0%         N/A       47%         3
 Tukima's Dance           Hex            0%         N/A       47%         3
 Anguish                  Hex/Necr       0%         N/A       87%         4
 Dimensional Bullseye     Hex/Tloc       0%         N/A       87%         4
 Iskenderun's Mystic Bla  Conj/Tloc      0%         2d3       87%         4
 Olgreb's Toxic Radiance  Alch           0%         N/A       87%         4
 Borgnjor's Vile Clutch   Necr/Erth      0%         N/A       99%         5
 Death Channel            Necr           0%         N/A       100%        6
 Ozocubu's Refrigeration  Ice            0%         4d7       100%        7
 Discord                  Hex            0%         N/A       100%        8
 Animate Dead             Necr           Unusable   N/A       N/A         4

Dungeon Overview and Level Annotations

Branches:
Dungeon (11/15)            Temple (1/1) D:4          Bailey (visited)
   Lair: D:8-11         Orc: D:9-12

Altars:
Ashenzari
Cheibriados
Dithmenos
Elyvilon
Fedhas
Gozag
Hepliaklqana
Kikubaaqudgha
Makhleb
Nemelex Xobeh
Okawaru
Qazlal
Ru
Sif Muna
Trog
Uskayaw
Vehumet
Wu Jian
Xom
Yredelemnul
Zin
The Shining One

Shops:
D:5 :   D:9 [

Annotations:
D:1 2 transporters
D:5 1 exclusion
D:6 exclusion: 2 downstairs, Jeremiah
D:7 exclusion: downstairs
D:9 2 transporters, exclusion: shadow, NoKap's ghost, novice OpSh
D:11 exclusions: kobold demonologist and shadow


Innate Abilities, Weirdness & Mutations

You cannot wear most types of armour.
You are amphibious.
You can wear up to eight rings at the same time.
Your skin changes colour to match your surroundings (Stealth+).
Your rubbery body absorbs attacks. (AC +1, EV +1)
((You are camouflaged when in or above water. (Stealth+)))
You have tentacles for arms and can constrict up to eight enemies at once.
Your mind is acute. (Int +4, Str/Dex -1)
You are frail. (-10% HP)
Your magical capacity is low. (-10% MP)


Message History

A white ugly thing comes into view.
Unknown command.
Okay, then.
You throw a curare-tipped dart.
The curare-tipped dart hits the white ugly thing.
The white ugly thing is poisoned.
The white ugly thing struggles to breathe.
The white ugly thing seems to slow down.
The white ugly thing is lightly wounded.
Okay, then.
Okay, then.
Unknown command.
The puff of flame hits the white ugly thing.
The white ugly thing is lightly wounded.
The puff of flame hits the white ugly thing.
The white ugly thing is lightly wounded.
The puff of flame hits the white ugly thing.
The white ugly thing is moderately wounded.
The puff of flame hits the white ugly thing!
The white ugly thing is heavily wounded.
You barely miss the white ugly thing. You grab the white ugly thing.
The white ugly thing is heavily wounded.
You constrict the white ugly thing, but do no damage.
You slash the white ugly thing!
The white ugly thing is heavily wounded.
You constrict the white ugly thing. The white ugly thing pecks you!
The white ugly thing freezes you!
You hit the white ugly thing.
The white ugly thing is severely wounded.
You constrict the white ugly thing.
The white ugly thing is no longer moving slowly.
The white ugly thing pecks you! The white ugly thing freezes you!
* * * LOW HITPOINT WARNING * * *
You hit the white ugly thing.
The white ugly thing is severely wounded.
You constrict the white ugly thing. The white ugly thing pecks you.
* * * LOW HITPOINT WARNING * * *
The white ugly thing freezes you!!
You die...
Your body crumbles into a pile of gold.

#######...# ..........#
...######## ...# ...# ...#
####+###### ...########
#+####..........
..........#####...............
..........#...#.@u...(..<.....
..........#...#.###...........
.....####.#...#.# #...........
.....####.#...#.# #......?....
..^)......#...'.###...........
..........#.###...............
..#########.#####+##########'#
#.# ...............# . #.#
...............#


You could see a white ugly thing (poisoned).

Vanquished Creatures
  A deep elf pyromancer (D:8)
  2 orc knights (Bailey)
  Pikel (D:5)
  Grinder (D:3)
  A hornet (D:9)
  16 yaks
  Menkaure (D:6)
  An acid dragon (D:10)
  Edmund (D:6)
  2 ice beasts
  9 orc warriors
  2 ogres
  A phantom (D:5)
  A kobold brigand (D:9)
  A bullfrog (D:7)
  6 scorpions
  3 wights (D:9)
  13 killer bees
  A howler monkey (D:10)
  2 bombardier beetles
  3 jellies
  7 orc priests
  3 gnoll boudas
  3 hounds
  2 sleepcaps
  Natasha (thrice) (D:3)
  3 iguanas (D:5)
  4 orc wizards
  16 gnolls
  9 adders
  A shadow imp (D:7)
  2 white imps
  4 ufetubi
  3 dart slugs
  4 ribbon worms
  35 orcs
  6 endoplasms
  2 giant cockroaches
  10 goblins
  10 hobgoblins
  4 jackals (D:5)
  3 quokkas
  4 ball pythons
  9 bats
  4 frilled lizards
  27 kobolds
  4 rats (D:1)
251 creatures vanquished.

Vanquished Creatures (collateral kills)
  Sigmund (D:2)
  A killer bee (D:7)
  2 orc priests
  2 orc wizards
  4 goblins (D:10)
10 creatures vanquished.

Vanquished Creatures (others)
  A centaur (D:5)
  A killer bee (D:9)
  A jelly (D:5)
  3 gnolls (D:4)
  An orc (D:4)
  A quokka (D:5)
8 creatures vanquished.

Grand Total: 269 creatures vanquished

Notes
Turn   | Place    | Note
-------+----------+-------------------------------------------
     0 | D:1      | H0rd4k the Octopode Artificer began the quest for the Orb.
     0 | D:1      | Reached XP level 1. HP: 13/13 MP: 1/1
   228 | D:1      | Reached skill level 1 in Unarmed Combat
   228 | D:1      | Reached XP level 2. HP: 16/18 MP: 2/2
   570 | D:1      | Reached skill level 2 in Unarmed Combat
   573 | D:1      | Reached XP level 3. HP: 20/24 MP: 3/3
   813 | D:2      | Found a glowing silver altar of Zin.
  1032 | D:2      | Noticed an ogre
  1034 | D:2      | Noticed Sigmund
  1040 | D:2      | Killed Sigmund
  1041 | D:2      | Reached skill level 4 in Unarmed Combat
  1041 | D:2      | Reached XP level 4. HP: 17/29 MP: 4/4
  1041 | D:2      | Reached XP level 5. HP: 20/34 MP: 5/5
  1048 | D:2      | Killed an ogre
  1049 | D:2      | Reached skill level 5 in Unarmed Combat
  1049 | D:2      | Reached XP level 6. HP: 27/41 MP: 6/6
  1940 | D:3      | Found a blossoming altar of Fedhas.
  1980 | D:3      | Noticed Grinder
  1988 | D:3      | Paralysed by Grinder for 2 turns
  1996 | D:3      | Killed Grinder
  1997 | D:3      | Reached skill level 6 in Unarmed Combat
  1997 | D:3      | Reached XP level 7. HP: 35/45 MP: 7/7
  2138 | D:3      | Reached skill level 7 in Unarmed Combat
  2335 | D:3      | Noticed Natasha
  2337 | D:3      | Found a faded altar of an unknown god.
  2342 | D:3      | Killed Natasha
  2351 | D:3      | Noticed Natasha
  2357 | D:3      | Killed Natasha
  2694 | D:3      | Noticed Natasha
  2700 | D:3      | Killed Natasha
  2739 | D:4      | Found a shadowy altar of Dithmenos.
  2745 | D:4      | You fall into a shaft and drop 2 floors!
  2762 | D:6      | Noticed Menkaure
  2768 | D:6      | Killed Menkaure
  2870 | D:6      | Reached skill level 8 in Unarmed Combat
  2870 | D:6      | Reached XP level 8. HP: 52/52 MP: 8/8
  2977 | D:6      | Noticed Jeremiah
  3128 | D:5      | Entered Level 5 of the Dungeon
  3228 | D:5      | Reached skill level 9 in Unarmed Combat
  3429 | D:5      | Found Hosauss's Book Boutique.
  3440 | D:5      | HP: 2/54 [acid (11)]
  3627 | D:5      | Noticed Pikel
  3724 | D:5      | Killed Pikel
  3725 | D:5      | Reached skill level 10 in Unarmed Combat
  3725 | D:5      | Reached XP level 9. HP: 58/58 MP: 9/9
  3752 | D:5      | Found an ornate altar of the Wu Jian Council.
  4374 | D:4      | Found a sparkling altar of Nemelex Xobeh.
  4404 | D:4      | Found a staircase to the Ecumenical Temple.
  4409 | D:4      | Found a basalt altar of Yredelemnul.
  4415 | Temple   | Entered the Ecumenical Temple
  4442 | Temple   | Became a worshipper of Gozag Ym Sagoz the Greedy
  4477 | D:4      | Noticed an angel
  4478 | D:4      | Found a glowing silver altar of Zin.
  4718 | D:4      | Gained mutation: You are frail. (-10% HP) [potion of
                  | mutation]
  4718 | D:4      | Gained mutation: Your magical capacity is low. (-10% MP)
                  | [potion of mutation]
  4718 | D:4      | Gained mutation: Your mind is acute. (Int +4, Str/Dex -1)
                  | [potion of mutation]
  5155 | D:6      | Reached skill level 11 in Unarmed Combat
  5500 | D:6      | Found a sacrificial altar of Ru.
  5537 | D:6      | Noticed Edmund
  5545 | D:6      | Killed Edmund
  6359 | D:8      | Noticed a deep elf pyromancer
  6365 | D:8      | Killed a deep elf pyromancer
  6366 | D:8      | Reached skill level 12 in Unarmed Combat
  6372 | D:8      | Found a shimmering altar of Xom.
  6424 | D:8      | Reached XP level 10. HP: 35/58 MP: 9/9
  6438 | D:8      | Reached skill level 5 in Fighting
  6761 | D:8      | Reached skill level 13 in Unarmed Combat
  6833 | D:8      | Found the +11 Singing Sword {sonic wave}
  6969 | D:8      | Found a burning altar of Makhleb.
  7143 | D:9      | Found a transporter.
  7146 | D:9      | Noticed NoKap's ghost (novice OpSh)
  7148 | D:9      | Noticed a moth of wrath
  7164 | D:9      | Reached skill level 1 in Long Blades
  7285 | D:9      | Found Puquemne's Antique Armour Emporium.
  7606 | D:9      | Found a transporter.
  7655 | D:9      | Found an ancient bone altar of Kikubaaqudgha.
  7766 | D:9      | Reached skill level 5 in Long Blades
  8349 | D:10     | Entered Level 10 of the Dungeon
  8383 | D:10     | Found an iron altar of Okawaru.
  8616 | D:10     | Found a flagged portal.
  8622 | Bailey   | Entered a bailey
  8657 | Bailey   | Noticed an orc knight
  8740 | Bailey   | Noticed an orc knight
  8782 | Bailey   | Killed an orc knight
  8783 | Bailey   | Reached XP level 11. HP: 26/66 MP: 9/9
  9051 | Bailey   | Killed an orc knight
  9667 | D:10     | Reached skill level 1 in Polearms
 10105 | D:11     | Noticed a white ugly thing
 10120 | D:11     | Mangled by a white ugly thing

Illustrated notes

Levels and vault maps discovered:
D:1:      spicycebolla_arrival_transporter_tutorial, layout_basic,
          item_on_display_a
D:2:      layout_basic, basic_altar, uniq_sigmund
D:3:      layout_loops_ring, fedhas_ov_isle_minmay,
          hellmonk_ecumenical_altar_zigzags, kennysheep_path_1,
          minmay_surrounded, uniq_natasha, uniq_grinder
D:4:      layout_loops_ring, nemelex_dance_club_becter,
          mainiacjoe_overflow_chevrons, zin_angel, kennysheep_little_box,
          temple_statues
D:5:      layout_basic, nzn_wu_jian_council_hall, st_stairs_12,
          grunt_ministairs_2, minmay_statues_item, nicolae_take_the_stairs,
          uniq_pikel
D:6:      layout_loops_ring, nicolae_ru_path_of_blood, uniq_edmund,
          uniq_jeremiah, uniq_menkaure
D:7:      layout_rooms, hangedman_decor_diamond_cutter, grunt_decor_mini_mirrors
D:8:      old_forge, layout_rooms, mainiacjoe_overflow_cross_hatched,
          kennysheep_mini_moat
D:9:      layout_roguey, mainiacjoe_overflow_small_starburst, serial_shops,
          nicolae_shop_dealshenge, gammafunk_ghost_berserking_beasts
D:10:     layout_grid_maze, okawaru_trees_2, enter_bailey_3,
          minmay_tree_intersection, minmay_misc_feat_tiny
D:11:     layout_stronghold, erik_lair_island, lemuel_blue_sif_altar
Temple:   grunt_temple_mini_profane

Skill      XL: |  1  2  3  4  5  6  7  8  9 10 11 |
---------------+----------------------------------+-----
Unarmed Combat | 1 2 4 5 6 8 10 12 13 | 13.1
Fighting       | 2 3 4 6 |  6.9
Long Blades    | 6 8 |  8.7
Polearms       | 1 |  1.4
Throwing       | |  0.1
Dodging        | |  2.3
Stealth        | |  1.3
Evocations     | |  3.2

Action                     |  1- 3 |  4- 6 |  7- 9 | 10-12 || total
---------------------------+-------+-------+-------+-------++-------
  Melee: Unarmed           |    79 |    43 |   224 |    62 ||   408
         Constrict         |    20 |    10 |    55 |    35 ||   120
         Tentacles         |    13 |     7 |    49 |    26 ||    95
         Punch             |     2 |     2 |    18 |    15 ||    37
         Double sword      |       |       |       |   129 ||   129
         Spear             |       |       |       |   105 ||   105
  Throw: Dart              |       |       |       |     3 ||     3
  Evoke: Wand              |     2 |    10 |    50 |    20 ||    82
    Use: Potion            |       |     3 |     4 |       ||     7
         Scroll            |       |       |    13 |     3 ||    16
   Stab: Sleeping          |     6 |     5 |     8 |       ||    19
         Distracted        |     1 |       |       |     1 ||     2
         Held in net/web   |       |       |       |     1 ||     1
 Armour: Skin              |    32 |    13 |   125 |   108 ||   278
  Dodge: Dodged            |    35 |    14 |   116 |   126 ||   291
